 Dungeon Crawl Stone Soup version 0.28-a0-1435-g82390b3a13 (webtiles) character file.

Game seed: 17087711007341633637

30 HallandMoats the Skirmisher (level 3, -2/29 HPs)
             Began as a Demonspawn Fighter on Jan 9, 2022.
             Was a Follower of Dithmenos.
             Slain by Ijyb (3 damage)
             ... on level 2 of the Dungeon.
             The game lasted 00:00:53 (1222 turns).

HallandMoats the Skirmisher (Demonspawn Fighter)    Turns: 1222, Time: 00:00:54

Health: -2/29      AC: 10    Str: 18    XL:     3   Next: 5%
Magic:  3/3        EV:  9    Int:  9    God:    Dithmenos [*.....]
Gold:   45         SH:  4    Dex: 12    Spells: 2/2 levels left

rFire   . . .      SeeInvis .   a - +0 long sword
rCold   . . .      Faith    .   c - +0 buckler
rNeg    . . .      Spirit   .   b - +0 scale mail
rPois   .          Reflect  .   (no helmet)
rElec   .          Harm     .   (no cloak)
rCorr   .          Rampage  .   (no gloves)
Will    .....                   j - +0 pair of boots
Stlth   ..........              (no amulet)
HPRegen 0.09/turn               (no ring)
MPRegen 0.08/turn               (no ring)

@: wreathed by umbra
A: icy blue scales 2
a: Renounce Religion


You were on level 2 of the Dungeon.
You worshipped Dithmenos.
Dithmenos was aware of your devotion.
You visited 1 branch of the dungeon, and saw 2 of its levels.

You collected 45 gold pieces.

Inventory:

Hand Weapons
 a - a +0 long sword (weapon)
Armour
 b - a +0 scale mail (worn)
 c - a +0 buckler (worn)
 j - a +0 pair of boots (worn)
Scrolls
 h - 4 scrolls of identify {unknown}
 k - a scroll of teleportation {unknown}
Potions
 d - a potion of might
 e - a potion of ambrosia {unknown}
 f - a potion of heal wounds {unknown}
 g - a potion of magic {unknown}
 i - a potion of brilliance {unknown}


   Skills:
 * Level 3.3 Fighting
 * Level 2.3 Long Blades
 + Level 2.8 Armour
 + Level 0.6 Dodging
 + Level 2.8 Shields


You had 2 spell levels left.
You didn't know any spells.
Your spell library contained the following spells:

 Spells                   Type           Power      Damage    Failure   Level
 Magic Dart               Conj           0%         1d3       86%         1
 Shock                    Conj/Air       0%         1d3       86%         1
 Call Imp                 Summ           0%         N/A       95%         2
 Mephitic Cloud           Conj/Pois/Air  0%         N/A       99%         3
 Swiftness                Air            0%         N/A       99%         3
 Airstrike                Air            0%         N/A       100%        4


Dungeon Overview and Level Annotations

Branches:
Dungeon (2/15)

Altars:
Dithmenos

Annotations:
D:2 Ijyb


Innate Abilities, Weirdness & Mutations

You are mostly covered in icy blue scales. (AC +3)


Message History

You resist with significant effort.
You are too injured to fight recklessly!
You are too injured to fight recklessly!
You hit Ijyb but do no damage.
Ijyb is moderately wounded.
Ijyb hits you but does no damage.
You hit Ijyb.
Ijyb is heavily wounded.
Ijyb closely misses you.
You hit Ijyb.
Ijyb is heavily wounded.
Ijyb drinks a potion.
Ijyb is healed!
You slash Ijyb!
Ijyb is heavily wounded.
You block Ijyb's attack. Ijyb hits you with a +4 club.
You hit Ijyb but do no damage.
Ijyb is heavily wounded.
Ijyb grins evilly.
Ijyb zaps a wand.
You suddenly lose the ability to move!
The now-empty wand crumbles to dust.
Ijyb hits you with a +4 club. x2
You can move again.
You barely miss Ijyb.
Ijyb is heavily wounded.
Ijyb hits you with a +4 club.
* * * LOW HITPOINT WARNING * * *
Ijyb barely misses you.
Unknown command.
You hit Ijyb.
Ijyb is severely wounded.
You block Ijyb's attack.
Unknown command.
You completely miss Ijyb.
Ijyb is severely wounded.
Ijyb hits you with a +4 club!
* * * LOW HITPOINT WARNING * * *
You hit Ijyb.
Ijyb is almost dead.
You block Ijyb's attack. Ijyb hits you with a +4 club.
You die...

####.######.....#
#.#.#
#.######.#####
###.#.# #......#.#
#.....# #......#.#
###.#.####
#......#.####
###....##
#...........#
#####......#
#.###....##.#
#......##### #.#
#....##.####g###..#
#.#
#....##..@ggg.##..#
#.#
############g.##..#
##..##..###
########...##....#
.8.8.8.8.g###.##.##
........g.#
#.....#####
?......)..#
######.(...
..........# #.####
(.........# #.#


You could see Ijyb and 4 goblins.

Vanquished Creatures
  An adder (D:2)
  A dart slug (D:2)
  3 endoplasms
  A giant cockroach (D:1)
  4 goblins
  A quokka (D:1)
  A ball python (D:1)
  3 bats
  A frilled lizard (D:1)
  2 kobolds (D:1)
18 creatures vanquished.

Notes
Turn   | Place    | Note
-------+----------+-------------------------------------------
     0 | D:1      | HallandMoats the Demonspawn Fighter began the quest for the
                  | Orb.
     0 | D:1      | Reached XP level 1. HP: 18/18 MP: 1/1
   455 | D:1      | Found a faded altar of an unknown god.
   467 | D:1      | Prayed at the altar of an unknown god.
   467 | D:1      | Became a worshipper of Dithmenos the Shadowed
   467 | D:1      | Reached * piety under Dithmenos
   514 | D:1      | Gained mutation: You are partially covered in icy blue
                  | scales. (AC +2) [demonic ancestry]
   514 | D:1      | Reached XP level 2. HP: 22/22 MP: 2/2
  1181 | D:2      | Noticed Ijyb
  1189 | D:2      | Gained mutation: You are mostly covered in icy blue scales.
                  | (AC +3) [demonic ancestry]
  1189 | D:2      | Reached XP level 3. HP: 22/29 MP: 3/3
  1202 | D:2      | Paralysed by Ijyb for 4 turns
  1216 | D:2      | Paralysed by Ijyb for 3 turns
  1221 | D:2      | HP: 1/29 [Ijyb (7)]
  1222 | D:2      | Slain by Ijyb

Illustrated notes

Levels and vault maps discovered:
D:1:      evilmike_arrival_hilbert_curve, layout_basic,
          chequers_ecumenical_altar_simple
D:2:      kennysheep_the_goblin_king, layout_basic, kennysheep_potato

Skill      XL: |  1 |
---------------+----+-----
Long Blades    | 2 |  2.3
Fighting       | |  3.3
Armour         | |  2.8
Dodging        | |  0.6
Shields        | |  2.8

Action                   || total
-------------------------++-------
Melee: Long sword        ||    60
Armor: Scale mail        ||    36
Dodge: Dodged            ||    28
Block: Buckler           ||    13

Table legend: (Time is in decaauts)
 A = Elapsed time spent in this place.
 B = Non-inter-level travel time spent in this place.
 C = Inter-level travel time spent in this place.
 D = Time resting spent in this place.
 E = Time spent auto-exploring this place.
 F = Levels seen in this place.
 G = Mean time per level.
                   A        B        C        D        E       F      G
               +--------+--------+--------+--------+--------+-----+--------+
         Total |   1241 |   1178 |     63 |      0 |   1006 |   2 |  620.5 |
       Dungeon |   1241 |   1178 |     63 |      0 |   1006 |   2 |  620.5 |
               +--------+--------+--------+--------+--------+-----+--------+

Top non-repeatable levels by time:
     D:1: 863 daAuts
     D:2: 378 daAuts
